 Dungeon Crawl Stone Soup version 0.23.1-44-gbd83930989 (webtiles) character file.

Game seed: 15128800922821032953

946 Peloso the Slasher (level 7, 0/91 HPs)
             Began as a Minotaur Fighter on Mar 31, 2019.
             Was a Follower of Okawaru.
             Succumbed to a water moccasin's poison
             ... on level 6 of the Dungeon.
             The game lasted 00:06:18 (3792 turns).

Peloso the Slasher (Minotaur Fighter)               Turns: 3792, Time: 00:06:19

Health: 0/91       AC: 23    Str: 26    XL:     7   Next: 89%
Magic:  6/6        EV:  2    Int: 10    God:    Okawaru [*.....]
Gold:   238        SH: 11    Dex: 11    Spells: 6/6 levels left

rFire    . . .     SeeInvis .   a - +0 long sword
rCold    . . .     Gourm    .   c - +0 shield
rNeg     + + +     Faith    .   (armour currently unavailable)
rPois    +         Spirit   .   (helmet currently unavailable)
rElec    .         Reflect  .   (cloak currently unavailable)
rCorr    .         Harm     +   (gloves currently unavailable)
MR       .....     NoTele   +   (boots currently unavailable)
Stlth    +.........             t - amulet of harm
HPRegen  0.25/turn              e - +5 ring of strength
MPRegen  0.10/turn              D - +3 ring of evasion

@: brilliant, lethally poisoned (0 -> -14), tree-form
A: (retaliatory headbutt)
a: Heroism, Renounce Religion


You were on level 6 of the Dungeon.
You worshipped Okawaru.
Okawaru was aware of your devotion.
You were not hungry.
You were a tree.
You visited 2 branches of the dungeon, and saw 7 of its levels.

You collected 238 gold pieces.

Inventory:

Hand Weapons
 a - a +0 long sword (weapon)
 j - a +1 short sword of protection
Armour
 b - a +0 scale mail
 c - a +0 shield (worn)
 v - a +0 chain mail (melded)
 E - a +2 cloak (melded)
Jewellery
 e - a +5 ring of strength (left branch)
 t - an amulet of harm (around neck)
 D - a +3 ring of evasion (right branch)
Wands
 A - a wand of digging (6)
 G - a wand of polymorph (8)
Scrolls
 g - 7 scrolls of identify {unknown}
 k - 4 scrolls of remove curse {unknown}
 l - 2 scrolls of enchant armour {unknown}
 n - 2 scrolls of enchant weapon {unknown}
 p - a scroll of amnesia {unknown}
 q - a scroll of noise {unknown}
 r - a scroll of fear {unknown}
 s - a scroll of fog {unknown}
 y - 2 scrolls of teleportation {unknown}
 z - a scroll of blinking {unknown}
 C - a scroll of random uselessness {unknown}
Potions
 d - 2 potions of might
 h - 2 potions of lignification
 i - a potion of brilliance
 m - a potion of resistance {unknown}
 o - a potion of flight
 u - a potion of curing {unknown}
 w - a potion of magic
 x - 2 potions of mutation {unknown}
 B - a potion of agility
Comestibles
 f - 8 rations
 F - 5 chunks of flesh


   Skills:
 + Level 5.5 Fighting
 + Level 7.4 Long Blades
 + Level 6.2 Armour
 + Level 1.5 Dodging
 + Level 0.2 Stealth
 + Level 5.8 Shields


You had 6 spell levels left.
You didn't know any spells.
Your spell library contained the following spells:

 Spells                   Type           Power        Failure   Level  Hunger
 Beastly Appendage        Tmut           #.....       13%         1    ##.....
 Sticks to Snakes         Tmut           #.......     19%         2    ###....
 Spider Form              Tmut/Pois      #.........   34%         3    ####...
 Ice Form                 Ice/Tmut       #.......     69%         4    #####..
 Blade Hands              Tmut           #.........   92%         5    ######.


Dungeon Overview and Level Annotations

Branches:
Dungeon (6/15)             Temple (1/1) D:4

Altars:
Elyvilon
Fedhas
Gozag
Okawaru
Qazlal
Ru
Sif Muna
Yredelemnul
Zin
The Shining One

Shops:
D:5 [


Innate Abilities, Weirdness & Mutations

((You reflexively headbutt those who attack you in melee.))
((You have a pair of horns on your head.))


Message History

You feel sick.
The water moccasin bites you but does no damage.
You block the water moccasin's attack.
It was a potion of lignification.
You turn into a tree.
Your +2 cloak melds into your body.
Your +0 chain mail melds into your body.
Your roots penetrate the ground.
* * * LOW HITPOINT WARNING * * *
You feel sick.
The water moccasin bites you but does no damage.
It was a potion of brilliance.
You feel clever all of a sudden.
* * * LOW HITPOINT WARNING * * *
You feel sick. You block the water moccasin's attack.
It was a potion of flight.
Your roots keep you in place.
* * * LOW HITPOINT WARNING * * *
You feel sick. You block the water moccasin's attack.
The water moccasin bites you but does no damage.
It was a potion of magic.
Magic courses through your body.
You die...

#.....#
#.........###.....#
+.........+.......#
.........###.....#
....... ##.....##
..... #.......###
... #.........# #S#
#.......#.# #♣#
#.......#.# ##.####
#.......#.# #.....#
#.........#
####.....#
#.......###
.........#
#######)#
####.....# #.#
#.....#########.#
#...............#
#################


You could see a water moccasin.

Vanquished Creatures
  A sky beast (D:5)
  An ogre (D:4)
  2 centaurs
  A crimson imp (D:5)
  A centaur zombie (D:5)
  A bullfrog skeleton (D:4)
  2 hounds
  An orc priest (D:3)
  Crazy Yiuf (D:5)
  A jelly (D:6)
  2 orc wizards
  Natasha (thrice) (D:2)
  A worker ant (D:4)
  An iguana (D:4)
  Robin (D:2)
  8 adders
  2 oozes (D:3)
  2 worms
  4 dart slugs
  A leopard gecko (D:4)
  11 orcs
  5 bats
  3 giant cockroaches
  8 goblins
  8 hobgoblins
  8 jackals
  2 quokkas
  A ball python (D:4)
  12 frilled lizards
  4 kobolds
  2 rats (D:3)
101 creatures vanquished.

Notes
Turn   | Place    | Note
-------+----------+-------------------------------------------
     0 | D:1      | Peloso the Minotaur Fighter began the quest for the Orb.
     0 | D:1      | Reached XP level 1. HP: 19/19 MP: 0/0
    79 | D:1      | Reached XP level 2. HP: 26/27 MP: 1/1
   570 | D:2      | Reached XP level 3. HP: 30/33 MP: 2/2
   594 | D:2      | Reached skill level 3 in Long Blades
   596 | D:2      | Noticed Robin
   604 | D:2      | Killed Robin
   657 | D:2      | Noticed Natasha
   664 | D:2      | Killed Natasha
   664 | D:2      | Reached XP level 4. HP: 27/40 MP: 3/3
   672 | D:2      | Noticed Natasha
   677 | D:2      | Killed Natasha
   974 | D:2      | Noticed Natasha
   979 | D:2      | Killed Natasha
   979 | D:2      | Reached skill level 4 in Long Blades
   979 | D:2      | Reached XP level 5. HP: 34/46 MP: 4/4
  1249 | D:3      | Reached skill level 5 in Armour
  1606 | D:3      | Found a glowing silver altar of Zin.
  1777 | D:4      | Found a staircase to the Ecumenical Temple.
  1787 | Temple   | Entered the Ecumenical Temple
  1902 | Temple   | Became a worshipper of Warmaster Okawaru
  2018 | D:4      | Reached skill level 5 in Long Blades
  2070 | D:4      | Reached XP level 6. HP: 52/55 MP: 5/5
  2239 | D:4      | Reached skill level 5 in Shields
  2570 | D:4      | Reached skill level 5 in Fighting
  2647 | D:4      | Found a basalt altar of Yredelemnul.
  2670 | D:5      | Entered Level 5 of the Dungeon
  2676 | D:5      | Reached skill level 1 in Dodging
  2721 | D:5      | Noticed a sky beast
  2728 | D:5      | Killed a sky beast
  2728 | D:5      | Reached * piety under Okawaru
  2728 | D:5      | Reached skill level 6 in Long Blades
  2728 | D:5      | Reached XP level 7. HP: 59/61 MP: 6/6
  2971 | D:5      | Found Jaewu's Armour Boutique.
  3169 | D:5      | Reached skill level 7 in Long Blades
  3251 | D:5      | Found a runed translucent door.
  3252 | D:5      | Noticed Crazy Yiuf
  3664 | D:5      | Killed Crazy Yiuf
  3789 | D:6      | HP: 4/91 [poisoned by a water moccasin]
  3791 | D:6      | HP: 1/91 [poisoned by a water moccasin]
  3792 | D:6      | Succumbed to a water moccasin's poison

Skill      XL: |  1  2  3  4  5  6  7 |
---------------+----------------------+-----
Armour         | 4 5 6 |  6.2
Shields        | 4 5 |  5.8
Long Blades    | 3 4 5 6 7 |  7.4
Fighting       | 4 5 |  5.5
Dodging        | 1 |  1.5
Stealth        | |  0.2

Action                   |  1- 3 |  4- 6 |  7- 9 || total
-------------------------+-------+-------+-------++-------
Melee: Long sword        |    60 |   131 |    53 ||   244
       Headbutt          |    11 |    24 |    15 ||    50
  Use: Potion            |       |       |     4 ||     4
  Eat: Chunk             |       |     5 |     2 ||     7
       Ration            |       |       |     1 ||     1
Armor: Scale mail        |    36 |    14 |       ||    50
       Chain mail        |       |    32 |    30 ||    62
       Skin              |       |       |     2 ||     2
Dodge: Dodged            |    21 |    34 |    20 ||    75
Block: Shield            |    34 |    69 |    25 ||   128
       Rpst.: Long sword |     6 |    10 |     3 ||    19
